 Dungeon Crawl Stone Soup version 0.28-a0-1396-gdcb3f3653b (webtiles) character file.

Game seed: 15807775306470967925

5 Lekart the Skirmisher (level 1, 0/19 HPs)
             Began as a Draconian Fighter on Jan 5, 2022.
             Slain by a jackal (1 damage)
             ... on level 1 of the Dungeon.
             The game lasted 00:00:47 (181 turns).

Lekart the Skirmisher (Draconian Fighter)            Turns: 181, Time: 00:00:48

Health: 0/19       AC:  4    Str: 18    XL:     1   Next: 66%
Magic:  1/1        EV: 12    Int:  8    God:
Gold:   25         SH:  4    Dex: 10    Spells: 0/0 levels left

rFire   . . .      SeeInvis .   a - +0 long sword
rCold   . . .      Faith    .   b - +0 buckler
rNeg    . . .      Spirit   .   (armour unavailable)
rPois   .          Reflect  .   (helmet restricted)
rElec   .          Harm     .   (no cloak)
rCorr   .          Rampage  .   (no gloves)
Will    .....                   (no boots)
Stlth   +.........              (no amulet)
HPRegen 0.06/turn               (no ring)
MPRegen 0.07/turn               (no ring)

@: flying
A: AC +4, unfitting armour, cold-blooded
a: no special abilities


You were on level 1 of the Dungeon.
You visited 1 branch of the dungeon, and saw 1 of its levels.

You collected 25 gold pieces.

Inventory:

Hand Weapons
 a - a +0 long sword (weapon)
Armour
 b - a +0 buckler (worn)
Scrolls
 d - a scroll of teleportation {unknown}
 f - 2 scrolls of amnesia {unknown}
Potions
 c - a potion of might


   Skills:
 + Level 3.4 Fighting
 + Level 2.0 Long Blades
 + Level 2.8 Dodging
 * Level 3.1 Shields


You couldn't memorise any spells.
You didn't know any spells.
Your spell library contained the following spells:

 Spells                   Type           Power      Damage    Failure   Level
 Beastly Appendage        Tmut           0%         N/A       43%         1
 Wereblood                Tmut           0%         N/A       58%         2
 Spider Form              Tmut/Pois      0%         N/A       82%         3


Dungeon Overview and Level Annotations

Branches:
Dungeon (1/15)

Altars:


Innate Abilities, Weirdness & Mutations

Your plain brown scales are hard. (AC +4)
You cannot fit into any form of body armour.
You are cold-blooded and may be slowed by cold attacks.


Message History

You are too injured to fight recklessly!
It was a potion of flight.
You feel very buoyant.
You fly up into the air.
The jackal stops to sniff the ground.
The jackal bites you but does no damage.
The quokka barely misses you.
You hit the quokka but do no damage.
The quokka is moderately wounded.
You block the jackal's attack.
The kobold hits you with a +0 short sword.
The quokka bites you.
* * * LOW HITPOINT WARNING * * *
The jackal closely misses you. The kobold closely misses you.
You barely miss the quokka.
The quokka is moderately wounded.
The quokka twitches its whiskers.
The quokka closely misses you.
The jackal bites you but does no damage.
The kobold hits you but does no damage. The quokka bites you.
* * * LOW HITPOINT WARNING * * *
The jackal bites you but does no damage.
The jackal barely misses you. The jackal bites you.
* * * LOW HITPOINT WARNING * * *
The quokka closely misses you. The kobold closely misses you.
The jackal bites you but does no damage.
The quokka barely misses you.
A goblin comes into view. It is wielding a +0 dagger.
The jackal bites you.
* * * LOW HITPOINT WARNING * * *
The goblin shouts!
A hobgoblin comes into view.
The kobold throws a stone.
The stone barely misses you. The jackal misses you.
The quokka barely misses you. The jackal bites you.
* * * LOW HITPOINT WARNING * * *
The jackal barely misses you. The jackal bites you.
You die...

#..[......#.##..
#.........#.#
#......)..# .
#.........# ##
#.........#
#.$.......#
...........##
.........K.#####
........g.rh@..#
..############.#
.g #.# #.# #.#
#.# #.# #.#
#########
###.#######


You could see a quokka, a jackal, a goblin and a kobold.

Vanquished Creatures
  A jackal (D:1)
  2 kobolds (D:1)
  2 frilled lizards (D:1)
  A rat (D:1)
6 creatures vanquished.

Notes
Turn   | Place    | Note
-------+----------+-------------------------------------------
     0 | D:1      | Lekart the Draconian Fighter began the quest for the Orb.
     0 | D:1      | Reached XP level 1. HP: 19/19 MP: 1/1
     6 | D:1      | Noticed an iguana
     6 | D:1      | Noticed a servant of whispers
     7 | D:1      | Noticed a fire giant
   181 | D:1      | Slain by a jackal

Illustrated notes

Levels and vault maps discovered:
D:1:      onia_arrival_zoo_common, layout_basic, minmay_pentomino_o4

Action                   || total
-------------------------++-------
Melee: Long sword        ||    24
       Tailslap          ||     1
  Use: Potion            ||     1
 Stab: Sleeping          ||     1
Armor: Skin              ||    17
Dodge: Dodged            ||    32
Block: Buckler           ||     9

Table legend: (Time is in decaauts)
 A = Elapsed time spent in this place.
 B = Non-inter-level travel time spent in this place.
 C = Inter-level travel time spent in this place.
 D = Time resting spent in this place.
 E = Time spent auto-exploring this place.
 F = Levels seen in this place.
 G = Mean time per level.
                   A        B        C        D        E       F      G
               +--------+--------+--------+--------+--------+-----+--------+
         Total |    188 |    188 |      0 |      0 |    114 |   1 |  188.0 |
       Dungeon |    188 |    188 |      0 |      0 |    114 |   1 |  188.0 |
               +--------+--------+--------+--------+--------+-----+--------+

Top non-repeatable levels by time:
     D:1: 188 daAuts
